 Dungeon Crawl Stone Soup version 0.29-a0-88-g03a7b78be7 (webtiles) character file.

Game seed: 14722631827789128176

1537 enile the Fighter (level 9, 0/72 (77) HPs)
             Began as a Formicid Earth Elementalist on Feb 6, 2022.
             Was a Priest of Trog.
             Slain by an ufetubus (4 damage)
             ... on level 5 of the Dungeon.
             The game lasted 00:11:42 (6234 turns).

enile the Fighter (Formicid Earth Elementalist)     Turns: 6234, Time: 00:11:42

HP:   0/72 (77)     AC: 10    Str: 16    XL:     9   Next: 11%
MP:   12/12         EV:  7    Int: 16    God:    Trog [***...]
Gold: 273           SH:  0    Dex: 11    Spells: 11/12 levels left

rFire   . . .      SeeInvis +   g - +2 mace (distort)
rCold   . . .      Faith    .   (no shield)
rNeg    . . .      Spirit   .   u - +0 chain mail
rPois   +          Reflect  .   (helmet unavailable)
rElec   .          Harm     +   o - scarf {harm}
rCorr   .          Rampage  .   (no gloves)
Will    ++...                   p - +0 pair of boots
Stlth   ..........              (no amulet)
HPRegen 1.22/turn               i - ring of flight
MPRegen 0.13/turn               w - ring of poison resistance

@: strong-willed, flying, regenerating, drained
A: permanent stasis, dig shafts and tunnels, antennae 3, four strong arms
a: Dig, Shaft Self, Renounce Religion, Trog's Hand


You were on level 5 of the Dungeon.
You worshipped Trog.
Trog was most pleased with you.
You visited 1 branch of the dungeon, and saw 6 of its levels.
You also visited: Sewer.

You collected 273 gold pieces.

Inventory:

Hand Weapons
 e - a +0 short sword
 g - a +2 mace of distortion (weapon)
 v - a +1 short sword of protection
Missiles
 c - 110 stones
 j - 5 boomerangs
 n - 16 poisoned darts (quivered)
Armour
 b - a +0 robe
 o - a scarf of harm (worn)
 p - a +0 pair of boots (worn)
 r - a +0 leather armour
 u - a +0 chain mail (worn)
Jewellery
 i - a ring of flight (left hand)
 w - a ring of poison resistance (right hand)
Wands
 z - a wand of digging (5)
 A - a wand of flame (10)
Scrolls
 a - 2 scrolls of noise
 d - 3 scrolls of teleportation
 q - 2 scrolls of silence
 y - 2 scrolls of brand weapon
Potions
 f - 3 potions of curing
 h - a potion of degeneration
 k - a potion of magic {unknown}
 s - a potion of haste {unknown}
 t - a potion of heal wounds {unknown}
 x - a potion of lignification {unknown}


   Skills:
 + Level 9.5 Fighting
 - Level 4.0 Maces & Flails
 - Level 4.0 Armour
 - Level 1.7 Dodging
 - Level 4.0 Stealth
 - Level 2.1 Spellcasting
 - Level 1.1 Transmutations
 - Level 3.6 Earth Magic


You had 11 spell levels left.
You knew the following spells:

 Your Spells              Type           Power      Damage    Failure   Level
a - Sandblast             Erth           26%        2d8       58%         1

Your spell library contained the following spells:

 Spells                   Type           Power      Damage    Failure   Level
 Passwall                 Tmut/Erth      7%         N/A       88%         2
 Wereblood                Tmut           5%         N/A       97%         2
 Sublimation of Blood     Necr           1%         N/A       99%         2
 Stone Arrow              Conj/Erth      14%        3d7       99%         3
 Petrify                  Tmut/Erth      9%         N/A       100%        4
 Summon Hydra             Summ           0%         N/A       100%        7


Dungeon Overview and Level Annotations

Branches:
Dungeon (6/15)              Sewer (visited)
 Temple: D:4-7

Altars:
Hepliaklqana
Trog

Annotations:
D:3 3 runed translucent doors, Cecur's ghost, amateur SpWr
Abyss:1 Natasha


Innate Abilities, Weirdness & Mutations

You cannot be hasted, slowed, berserked, paralysed or teleported.
You can dig through walls and to a lower floor.
You have a pair of large antennae on your head. (SInv)
Your four strong arms can wield two-handed weapons with a shield.


Message History

The wight is severely damaged.
The ufetubus hits you but does no damage. x3
The ufetubus hits you.
* * * LOW HITPOINT WARNING * * *
The wight hits you but does no damage.
You closely miss the ufetubus. The ufetubus closely misses you.
The ufetubus completely misses you.
The wight hits you with a +4 dagger of freezing!
* * * LOW HITPOINT WARNING * * *
The wight freezes you.
* * * LOW HITPOINT WARNING * * *
The ufetubus barely misses you. x2
Okay, then.
Aiming: Throw Flame
Press: ? - help, Shift-Dir - straight line, f - wight
Aim: a wight, wielding a +4 dagger of freezing and wearing a +0 robe (severely damaged, 68% to hit)
The puff of flame hits the wight but does no damage.
The wight is severely damaged.
The ufetubus hits you but does no damage. x2
The wight hits you with a +4 dagger of freezing.
* * * LOW HITPOINT WARNING * * *
The wight freezes you.
* * * LOW HITPOINT WARNING * * *
The ufetubus hits you.
* * * LOW HITPOINT WARNING * * *
The ufetubus barely misses you.
Aiming: Throw Flame
Press: ? - help, Shift-Dir - straight line, f/p - wight
Aim: a wight, wielding a +4 dagger of freezing and wearing a +0 robe (severely damaged, 68% to hit)
The puff of flame hits the wight!
You destroy the wight!
Trog accepts your kill. The ufetubus barely misses you.
The ufetubus hits you but does no damage.
Okay, then.
Your skin crawls.
You feel strong-willed.
The ufetubus hits you but does no damage.
The ufetubus hits you.
You die...

##### #...... #...#
### #...... #...# #.#
#.##### #...# ##.# #.#
##..## #..## #.#
##..####...# #.##
##......#.#####..###
#.)5#..##...###...##
###@...#.....#.###.#
##[...#...#...#...
##<..#####...#...
#...#...#...#...
#..#.....#.###.#
#..##...###...##
#######..#.###.#.....#
#.......#...#...#...#.
#.......#...#...#####.


You could see an ufetubus.

Vanquished Creatures
  Prince Ribbit (D:5)
  A water moccasin (D:6)
  A sky beast (D:5)
  A black bear (D:6)
  An ogre (D:6)
  A centaur (D:6)
  A phantom (D:6)
  A scorpion (D:5)
  3 wights
  A howler monkey (D:6)
  2 hounds (D:6)
  2 jellies
  A centaur skeleton (D:6)
  2 iguanas (D:5)
  A merfolk siren (Sewer)
  Natasha (D:3)
  An orc wizard (D:3)
  A hound skeleton (D:5)
  3 adders
  A shadow imp (D:6)
  2 white imps
  An adder zombie (D:5)
  A dart slug (D:3)
  9 orcs
  2 bats
  4 giant cockroaches
  9 hobgoblins
  3 jackals (D:3)
  3 kobolds
  4 quokkas
  7 ball pythons
  7 frilled lizards
  3 goblins
  19 rats
101 creatures vanquished.

Vanquished Creatures (collateral kills)
  Menkaure (D:6)
  2 ball pythons (D:6)
  A rat (D:6)
4 creatures vanquished.

Grand Total: 105 creatures vanquished

Notes
Turn   | Place    | Note
-------+----------+-------------------------------------------
     0 | D:1      | enile the Formicid Earth Elementalist began the quest for
                  | the Orb.
     0 | D:1      | Reached XP level 1. HP: 13/13 MP: 3/3
   119 | D:1      | Reached skill level 1 in Fighting
   281 | D:1      | Reached XP level 2. HP: 16/21 MP: 5/5
   613 | D:1      | Reached skill level 2 in Fighting
   662 | D:1      | Found a faded altar of an unknown god.
   770 | D:1      | Prayed at the altar of an unknown god.
   770 | D:1      | Became a worshipper of Trog the Wrathful
   770 | D:1      | Reached * piety under Trog
  1476 | D:3      | Found a bloodstained altar of Trog.
  1518 | D:3      | Reached XP level 3. HP: 14/28 MP: 6/6
  1733 | D:3      | Reached skill level 3 in Fighting
  1733 | D:3      | Reached XP level 4. HP: 29/36 MP: 7/7
  2232 | D:3      | Found a runed translucent gate.
  2232 | D:3      | Found a runed translucent gate.
  2232 | D:3      | Found a runed translucent gate.
  2238 | D:3      | Noticed Cecur's ghost (amateur SpWr)
  2321 | D:3      | Reached skill level 4 in Fighting
  2411 | D:3      | Noticed Natasha
  2422 | D:3      | Killed Natasha
  2423 | D:3      | Reached XP level 5. HP: 32/43 MP: 8/8
  2615 | D:3      | Reached ** piety under Trog
  2684 | D:3      | Found a hazy altar of Hepliaklqana.
  2709 | D:3      | Noticed Natasha
  2717 | D:3      | Banished Natasha
  2718 | D:3      | Reached skill level 5 in Fighting
  2895 | D:4      | You are sucked into a shaft and drop 1 floor!
  2895 | D:5      | Entered Level 5 of the Dungeon
  2908 | D:5      | Noticed a sky beast
  2918 | D:5      | Killed a sky beast
  2919 | D:5      | Reached skill level 6 in Fighting
  2919 | D:5      | Reached XP level 6. HP: 24/52 MP: 9/9
  3869 | D:5      | Reached skill level 7 in Fighting
  3869 | D:5      | Reached skill level 1 in Armour
  3869 | D:5      | Reached XP level 7. HP: 60/60 MP: 10/10
  4044 | D:5      | Noticed Menkaure
  4051 | D:5      | Noticed Prince Ribbit
  4093 | D:5      | Killed Prince Ribbit
  4094 | D:5      | Reached skill level 1 in Maces & Flails
  4539 | D:6      | Reached XP level 8. HP: 54/67 MP: 11/11
  4665 | D:6      | Killed Menkaure
  4666 | D:6      | Reached skill level 8 in Fighting
  4718 | D:6      | Found a glowing drain.
  4731 | Sewer    | Entered a sewer
  5113 | Sewer    | Reached *** piety under Trog
  5939 | D:6      | Reached skill level 9 in Fighting
  5951 | D:6      | Reached XP level 9. HP: 59/76 MP: 12/12
  6232 | D:5      | HP: 3/71 [ufetubus (2)]
  6234 | D:5      | Slain by an ufetubus

Illustrated notes

Levels and vault maps discovered:
D:1:      lightli_arrival_statue_moat, layout_rooms,
          shapermc_ecumenical_altar_mp_vishouse
D:2:      layout_rooms
D:3:      layout_loops_ring, mainiacjoe_overflow_big_doors,
          gammafunk_ghost_necromancy, chequers_serial_rivers_micro_c,
          uniq_natasha
D:4:      layout_loops_ring, hangedman_decor_points
D:5:      nicolae_cairo_tiling, layout_rooms, minmay_holes, uniq_menkaure,
          uniq_prince_ribbit1
D:6:      layout_loops_ring, ebering_ghost_rock_garden, portal_sewer_entry_b

Skill      XL: |  1  2  3  4  5  6  7  8 |
---------------+-------------------------+-----
Fighting       | 1 2 3 4 6 7 9 |  9.5
Armour         | 1 4 |  4.0
Maces & Flails | 2 4 |  4.0
Stealth        | 4 |  4.0
Dodging        | |  1.7
Spellcasting   | |  2.1
Transmutations | |  1.1
Earth Magic    | |  3.6

Action                   |  1- 3 |  4- 6 |  7- 9 || total
-------------------------+-------+-------+-------++-------
Melee: Unarmed           |    19 |       |       ||    19
       Mace              |    28 |    68 |   146 ||   242
       Short sword       |     9 |       |       ||     9
Throw: Throwing net      |       |       |     5 ||     5
       Dart              |       |       |     2 ||     2
 Cast: Sandblast         |     9 |       |       ||     9
Invok: Trog's Hand       |       |       |     1 ||     1
Evoke: Wand              |       |       |     2 ||     2
  Use: Scroll            |       |       |    12 ||    12
       Potion            |       |       |     1 ||     1
 Stab: Sleeping          |     2 |     3 |       ||     5
       Distracted        |       |       |     1 ||     1
Armor: Robe              |     8 |       |       ||     8
       Leather armour    |       |    11 |       ||    11
       Chain mail        |       |     9 |   120 ||   129
Dodge: Dodged            |    39 |    34 |    63 ||   136

Table legend: (Time is in decaauts)
 A = Elapsed time spent in this place.
 B = Non-inter-level travel time spent in this place.
 C = Inter-level travel time spent in this place.
 D = Time resting spent in this place.
 E = Time spent auto-exploring this place.
 F = Levels seen in this place.
 G = Mean time per level.
                   A        B        C        D        E       F      G
               +--------+--------+--------+--------+--------+-----+--------+
         Total |   6314 |   5995 |    319 |    248 |   4651 |   7 |  902.0 |
       Dungeon |   5419 |   5100 |    319 |    248 |   4052 |   6 |  903.2 |
         Sewer |    895 |    895 |      0 |      0 |    599 |   1 |  895.0 |
               +--------+--------+--------+--------+--------+-----+--------+

Top non-repeatable levels by time:
     D:3: 1448 daAuts
     D:5: 1293 daAuts
     D:1: 900 daAuts
   Sewer: 895 daAuts
     D:4: 610 daAuts
     D:6: 597 daAuts
     D:2: 568 daAuts
